Map: Galactic Process LE

Players

Smile

  • Race: Terran Terran
  • Spawn Location: 7:00

Kelazhur - Winner!

  • Race: Terran Terran
  • League: Master
  • Spawn Location: 1:00

Event: Copa América 2016 Grand Finals

VOD

https://youtu.be/kerkh81oNUI

Description

Time

  • Played on: Oct. 13, 2016, 6:13 p.m.
  • Length: 4:20

All games in this series

Show
View Real Time Build Order
Export as new Build Order

Smile Terran 

Build Orders: Reaper Expand 

Get SALT Encoding   

  12  0:00  SCV  
  13  0:12  SCV  
  14  0:18  Supply Depot  
  14  0:24  SCV  
  15  0:40  SCV  
  15  0:41  Barracks  
  16  0:45  Refinery  
  16  0:52  SCV  
  17  1:04  SCV  
  18  1:16  SCV  
  19  1:29  Reaper, Orbital Command  
  20  1:47  Command Center  
  20  1:54  SCV  
  20  2:04  Reaper  
  20  2:07  SCV  
  22  2:13  Supply Depot  
  22  2:19  SCV  
  23  2:24  Factory  
  23  2:35  SCV  
  23  2:44  Barracks Reactor  
  23  2:47  SCV  
  24  2:58  Command Center  
  24  2:59  SCV  
  25  3:06  SCV  
  25  3:11  SCV  
  27  3:19  Factory Tech Lab  
  26  3:21  Marine x2  
  26  3:23  Orbital Command  
  26  3:25  SCV  
  26  3:26  Refinery  
  29  3:35  Starport  
  29  3:40  Marine  
  29  3:41  Marine  
  25  3:58  Marine  
  25  3:59  Marine  
  25  4:00  SCV  
Show
View Real Time Build Order
Export as new Build Order

Kelazhur Terran - Winner!

Build Orders: Reaper Expand 

Get SALT Encoding   

  12  0:01  SCV  
  13  0:13  SCV  
  14  0:17  Supply Depot  
  14  0:25  SCV  
  14  0:27  Refinery  
  15  0:38  SCV  
  16  0:44  Barracks  
  16  0:50  SCV  
  17  1:02  SCV  
  18  1:15  SCV  
  19  1:31  Orbital Command  
  19  1:32  Reaper  
  20  1:51  Command Center  
  19  2:00  SCV  
  20  2:04  Factory  
  20  2:07  Reaper  
  21  2:12  SCV  
  22  2:17  Supply Depot  
  22  2:25  SCV  
  22  2:26  Refinery  
  22  2:37  SCV  
  22  2:41  Reaper  
  24  2:49  Hellion, SCV  
  27  3:01  Starport, SCV  
  28  3:13  SCV  
  28  3:16  Hellion  
  28  3:17  Barracks Tech Lab  
  28  3:19  Orbital Command  
  31  3:25  SCV  
  32  3:37  SCV  
  32  3:38  Hellion  
  36  3:55  SCV  
  36  4:02  SCV  
  36  4:07  SCV  
  38  4:10  Factory Tech Lab  
Tags
 
Add a new tag
Caveats
  • Supply blocks, unpowered buildings, or Contaminate may cause inaccurate times.
  • Supply counts are checked every 10 seconds.